 Dungeon Crawl Stone Soup version 0.26.1-2-gb8aa6d0cf2 (webtiles) character file.

Game seed: 14027017854839648935

206509 Elvor the Bludgeoner (level 18, -7/119 HPs)
             Began as a Gargoyle Warper on Mar 2, 2021.
             Was a High Priest of Okawaru.
             Mangled by an azure jelly (13 damage)
             ... on level 4 of the Snake Pit on Mar 4, 2021.
             The game lasted 07:04:30 (32672 turns).

Elvor the Bludgeoner (Gargoyle Warper)             Turns: 32672, Time: 07:04:31

Health: -7/119     AC: 35    Str: 28    XL:     18   Next: 72%
Magic:  0/23       EV: 18    Int: 27    God:    Okawaru [*****.]
Gold:   2338       SH: 10    Dex: 11    Spells: 15/24 levels left

rFire    . . .     SeeInvis .   L - +9 morningstar "Lig Fogate" {freeze, rElec rPois rF- Int+3}
rCold    + . .     Faith    .   l - +2 buckler {AC+3}
rNeg     + + .     Spirit   +   f - +4 scale mail of Duty {*Corrode Str+6}
rPois    ∞         Reflect  .   X - -2 hat of the Alchemist {rElec rPois rF+ rC+ rN+ Will+ rMut rCorr}
rElec    +         Harm     .   S - scarf {repulsion}
rCorr    +         Rampage  .   u - +2 pair of gloves "Fono" {Int+3 Dex+2 Slay+4}
rMut     +                      N - +2 pair of boots
Will     ++...                  g - amulet of guardian spirit
Stlth    +.........             m - +4 ring of evasion
HPRegen  0.29/turn              C - +6 ring of intelligence
MPRegen  0.18/turn

@: heroism, flying, constricted, repel missiles
A: big wings, negative energy resistance 1, electricity resistance, unbreathing,
petrification resistance, miasma immunity, AC +13
}: 1/15 runes: decaying
a: Stop Flying, Renounce Religion, Heroism, Finesse


You were on level 4 of the Snake Pit.
You worshipped Okawaru.
Okawaru was extremely pleased with you.
You visited 6 branches of the dungeon, and saw 32 of its levels.
You visited 1 bazaar.
You also visited: Bailey and Gauntlet.

You collected 4379 gold pieces.
You spent 2041 gold pieces at shops.

Inventory:

Hand Weapons
 x - the +3 long sword of the Yoke {vorpal, +Inv SInv}
   (You found it on level 15 of the Dungeon)

   It inflicts extra damage upon your enemies.
   It lets you see invisible.
   It lets you turn invisible.
 K - a +3 war axe of freezing
 L - the +9 morningstar "Lig Fogate" (weapon) {freeze, rElec rPois rF- Int+3}
   (You bought it in a shop on level 2 of the Orcish Mines)

   It has been specially enchanted to freeze those struck by it, causing extra
   injury to most foes and up to half again as much damage against particularly
   susceptible opponents.
   It can also slow down cold-blooded creatures.
   It affects your intelligence (+3).
   It makes you vulnerable to fire.
   It insulates you from electricity.
   It protects you from poison.
 O - a +1 vampiric war axe
 U - a +2 vorpal broad axe
Missiles
 q - 33 sling bullets
 r - 25 atropa-tipped darts
 E - 9 curare-tipped darts
 G - 9 javelins
 H - 53 boomerangs (quivered)
 V - 27 poisoned darts
Armour
 f - the +4 scale mail of Duty (worn) {*Corrode Str+6}
   (Okawaru gifted it to you on level 1 of the Orcish Mines)

   It affects your strength (+6).
   It may corrode you when you take damage.
 l - a +2 buckler of protection (worn)
 u - the +2 pair of gloves "Fono" (worn) {Int+3 Dex+2 Slay+4}
   (You found it in a Gauntlet)

   It affects your intelligence (+3).
   It affects your dexterity (+2).
   It affects your accuracy and damage with ranged weapons and melee attacks
   (+4).
 N - a +2 pair of boots (worn)
 P - a +2 cloak of willpower
 S - a scarf of repulsion (worn)
 X - the -2 hat of the Alchemist (worn) {rElec rPois rF+ rC+ rN+ Will+ rMut rCorr}
   (You found it on level 3 of the Swamp)

   It protects you from fire.
   It protects you from cold.
   It insulates you from electricity.
   It protects you from poison.
   It protects you from negative energy.
   It affects your willpower, your defense against some magical effects.
   It provides partial protection from all sources of acid and corrosion.
   It protects you from mutation.
Jewellery
 g - an amulet of guardian spirit (around neck)
 m - a +4 ring of evasion (left hand)
 C - a +6 ring of intelligence (right hand)
 I - an uncursed ring of resist corrosion
Wands
 c - a wand of disintegration (5)
 e - a wand of flame (27)
 j - a wand of digging (5)
 w - a wand of polymorph (23)
 y - a wand of enslavement (18)
 Y - a wand of acid (4)
Scrolls
 a - 7 scrolls of fear
 h - a scroll of enchant weapon
 i - 12 scrolls of remove curse
 n - 6 scrolls of fog
 o - 17 scrolls of teleportation
 s - 2 scrolls of torment
 v - 6 scrolls of immolation
 A - 2 scrolls of magic mapping
 J - a scroll of vulnerability
 M - 3 scrolls of identify
 W - 7 scrolls of blinking
 Z - 5 scrolls of silence
Potions
 b - 2 potions of invisibility
 d - 2 potions of magic
 k - 2 potions of mutation
 p - 3 potions of might
 t - 3 potions of cancellation
 z - 5 potions of haste
 B - 14 potions of curing
 D - 6 potions of heal wounds
 F - 2 potions of brilliance
 R - 3 potions of lignification
 T - 5 potions of resistance
Miscellaneous
 Q - a tin of tremorstones (1/2)


   Skills:
 * Level 15.3(20.3) Fighting
 + Level 18.9(23.9) Maces & Flails
 + Level 1.0(12.6) Slings
 + Level 11.7(16.7) Throwing
 + Level 9.5(14.5) Armour
 + Level 9.0(14.0) Dodging
 + Level 11.1(16.1) Shields
 + Level 3.5 Spellcasting
 + Level 1.5 Conjurations
 + Level 3.2 Translocations
 + Level 1.1 Air Magic
 + Level 5.1 Invocations
 + Level 6.4 Evocations


You had 15 spell levels left.
You knew the following spells:

 Your Spells              Type           Power        Failure   Level
a - Blink                 Tloc           N/A          6%          2
b - Teleport Other        Tloc           22%          12%         3
c - Swiftness             Air            10%          14%         2
d - Searing Ray           Conj           26%          12%         2

Your spell library contained the following spells:

 Spells                   Type           Power        Failure   Level
 Magic Dart               Conj           52%          8%          1
 Shock                    Conj/Air       44%          9%          1
 Gell's Gravitas          Tloc           11%          12%         3
 Lesser Beckoning         Tloc           11%          12%         3
 Beastly Appendage        Tmut           8%           14%         1
 Wereblood                Tmut           4%           22%         2
 Portal Projectile        Hex/Tloc       26%          22%         3
 Static Discharge         Conj/Air       11%          26%         3
 Dazzling Flash           Conj/Hex       16%          32%         3
 Passage of Golubria      Tloc           N/A          36%         4
 Confusing Touch          Hex            4%           41%         3
 Inner Flame              Hex/Fire       4%           41%         3
 Spider Form              Tmut/Pois      2%           41%         3
 Iskenderun's Mystic Bla  Conj/Tloc      17%          47%         4
 Airstrike                Air            5%           65%         4
 Fulminant Prism          Conj/Hex       4%           71%         4
 Animate Dead             Necr           2%           82%         4
 Cause Fear               Hex            2%           82%         4
 Ice Form                 Ice/Tmut       4%           82%         4
 Petrify                  Tmut/Erth      4%           82%         4
 Lightning Bolt           Conj/Air       5%           93%         5
 Silence                  Hex/Air        3%           97%         5
 Blade Hands              Tmut           2%           99%         5
 Borgnjor's Vile Clutch   Necr/Erth      2%           99%         5
 Metabolic Englaciation   Hex/Ice        2%           99%         5
 Yara's Violent Unravell  Hex/Tmut       2%           99%         5
 Dispersal                Tloc           11%          99%         6
 Death Channel            Necr           2%           100%        6
 Simulacrum               Ice/Necr       2%           100%        6
 Discord                  Hex            2%           100%        8
 Disjunction              Tloc           11%          100%        8


Dungeon Overview and Level Annotations

Branches:
Dungeon (15/15)            Temple (1/1) D:4            Lair (6/6) D:8
  Swamp (4/4) Lair:4        Snake (4/4) Lair:3        Slime (0/5) Lair:5
    Orc (2/2) D:11            Elf (0/3) Orc:2        Vaults (0/5) D:14
 Depths (0/5) D:15         Bailey (visited)         Gauntlet (visited)

Altars:
Ashenzari
Cheibriados
Dithmenos
Elyvilon
Fedhas
Gozag
Hepliaklqana
Kikubaaqudgha
Makhleb
Nemelex Xobeh
Okawaru
Qazlal
Ru
Sif Muna
Trog
Uskayaw
Vehumet
Wu Jian
Xom
Yredelemnul
Zin
The Shining One
Beogh

Shops:
D:4 *   Orc:1 [   Orc:2 ([:!   Snake:1 (

Portals:
Ice
Cave: Snake:4


Innate Abilities, Weirdness & Mutations

You are resistant to torment.
Your stone body is resilient. (AC +13)
You are immune to poison.
Your large and strong wings let you fly indefinitely.
You resist negative energy. (rN+)
You are resistant to electric shocks. (rElec)
You can survive without breathing.
You are immune to petrification.
You are immune to miasma.


Message History

* * * LOW HITPOINT WARNING * * *
The nagaraja constricts you.
You puncture the azure jelly! You freeze the azure jelly.
The azure jelly is moderately wounded.
The azure jelly closely misses you.
The azure jelly hits you but does no damage.
You block the azure jelly's attack.
The azure jelly hits you but does no damage.
The nagaraja completely misses you. The nagaraja constricts you.
You gain the combat prowess of a mighty hero.
The nagaraja hits you with a +0 halberd!
* * * LOW HITPOINT WARNING * * *
The nagaraja constricts you. The azure jelly hits you.
* * * LOW HITPOINT WARNING * * *
The azure jelly freezes you!! You resist.
* * * LOW HITPOINT WARNING * * *
The azure jelly hits you.
* * * LOW HITPOINT WARNING * * *
The azure jelly freezes you! You resist.
You die...

**,,,,,** **,,###,,*****
*,,##∩##,,,,,*********
*,*#...#*,**,,,,,,,,,,
*,*,...,*.####****####
*,*,...,*.....###*#...
*,**#W#**..##....,..#.
*,* #J# *.......###...
#.###@###.............
***#...N......$#...#...##
*...........######.##†.)#
*........................
*......###########.##.###
*..(...* #.##.# #
*......* #.#..# *.^....*
#....# *,...,,* *#.##.#**


You could see an azure jelly, a nagaraja (fast, catching breath) and a freezing
wraith.

Vanquished Creatures
  Gastronok (Orc:1)
  2 nagarajas
  5 bunyips
  A minotaur (Gauntlet)
  2 green deaths (Snake:2)
  3 eleionomae
  Josephine (D:11)
  A death ooze (Gauntlet)
  2 shambling mangroves
  Erolcha (D:11)
  A fire dragon (D:15)
  2 boulder beetles
  12 naga warriors
  An ice dragon (D:15)
  A vault guard (D:14)
  18 hydras
  7 anacondas
  A catoblepas (Lair:6)
  A centaur warrior (D:14)
  6 two-headed ogres
  Erica (Lair:1)
  2 alligators
  A deep troll shaman (Lair:6)
  2 death knights
  8 death yaks
  A tengu warrior (D:15)
  An orc high priest (Orc:2)
  4 shock serpents
  13 naga sharpshooters
  Sonja (Orc:2)
  7 spriggans
  A salamander mystic (Snake:2)
  A sixfirhy (Gauntlet)
  4 skeletal warriors
  An unseen horror (D:10)
  A flayed ghost (D:14)
  4 spriggan druids
  4 goliath frogs
  4 bog bodies
  2 lindwurms
  15 swamp dragons
  12 naga ritualists
  2 phantasmal warriors (D:15)
  A necromancer (Gauntlet)
  A deep elf mage (D:14)
  11 ugly things
  10 orc sorcerers (Orc:2)
  9 mana vipers
  An oklob plant (Lair:4)
  9 salamanders
  2 will-o-the-wisps (Swamp:3)
  2 manticores
  4 cyclopes
  8 elephants (Lair:6)
  A guardian serpent (shapeshifter) (D:15)
  32 black mambas
  2 guardian serpents
  18 naga magi
  Maggie (D:7)
  5 gargoyles
  12 cane toads
  4 rime drakes
  2 centaur skeletons
  A yaktaur (Orc:1)
  A kobold demonologist (D:15)
  An efreet (D:13)
  A freezing wraith (Snake:4)
  9 komodo dragons
  A tengu conjurer (D:15)
  9 trolls
  11 tyrant leeches
  A bloated husk (Swamp:2)
  15 hornets
  A jumping spider (shapeshifter) (D:13)
  22 blink frogs
  6 polar bears
  16 dream sheep
  Grinder (D:6)
  A slime creature (shapeshifter) (D:13)
  10 slime creatures
  A meliai zombie (D:13)
  8 wraiths
  2 shadows
  41 yaks
  6 basilisks
  7 wyverns
  8 vampire mosquitoes
  24 swamp worms
  6 wargs
  Menkaure (D:7)
  46 nagas
  3 steam dragons
  22 water moccasins
  An acid dragon (D:15)
  23 orc warriors
  A phantom (D:12)
  9 swamp drakes
  3 ice beasts
  5 black bears
  A hornet zombie (D:9)
  4 necrophages
  10 ogres
  42 wolves
  8 centaurs
  5 big kobolds
  8 gnoll sergeants
  22 bullfrogs
  2 wyvern skeletons
  2 scorpions (D:8)
  19 killer bees
  12 wights
  3 centaur zombies
  5 bullfrog zombies
  A quasit (D:14)
  10 jellies
  6 gnoll shamans
  17 orc priests
  8 hounds
  45 orc wizards
  2 bullfrog skeletons
  5 iguanas
  11 worker ants
  8 hell rats
  A hound zombie (D:11)
  3 hound skeletons
  2 worker ant zombies
  33 gnolls
  20 adders
  A river rat (D:8)
  2 shadow imps
  A white imp (D:6)
  2 ufetubi (Gauntlet)
  6 oozes
  An adder zombie (D:8)
  2 adder skeletons (D:4)
  A worm (D:2)
  A dart slug (D:4)
  2 leopard geckos
  87 orcs
  5 ball pythons
  4 giant cockroaches
  11 goblins
  8 hobgoblins
  12 jackals
  9 quokkas
  7 bats
  11 frilled lizards
  14 kobolds
  13 rats
1135 creatures vanquished.

Vanquished Creatures (collateral kills)
  A hydra (Swamp:4)
  A cane toad (Lair:1)
  A polar bear (Lair:6)
  6 dream sheep (Lair:6)
  A wraith (D:11)
  3 yaks (Lair:6)
  2 water moccasins (Lair:6)
  A gnoll sergeant (Bailey)
  A gnoll shaman (Bailey)
17 creatures vanquished.

Vanquished Creatures (others)
  An alligator (Swamp:2)
  2 bloated husks
  A vampire mosquito (Swamp:1)
  2 water moccasins (Lair:5)
  An orc wizard (Orc:2)
  2 orcs
  6 foxfires (Swamp:3)
  61 fungi
  113 plants
189 creatures vanquished.

Grand Total: 1341 creatures vanquished

Notes
Turn   | Place    | Note
-------+----------+-------------------------------------------
     0 | D:1      | Elvor the Gargoyle Warper began the quest for the Orb.
     0 | D:1      | Reached XP level 1. HP: 12/12 MP: 3/3
   221 | D:1      | Reached XP level 2. HP: 12/17 MP: 5/5
   224 | D:1      | Learned a level 2 spell: Blink
   580 | D:1      | Reached XP level 3. HP: 16/21 MP: 6/6
   766 | D:2      | Found a faded altar of an unknown god.
   779 | D:2      | Reached skill level 3 in Maces & Flails
  1151 | D:1      | Reached XP level 4. HP: 24/26 MP: 7/7
  1395 | D:2      | Reached skill level 4 in Maces & Flails
  1525 | D:2      | Found a sparkling altar of Nemelex Xobeh.
  1525 | D:2      | Found a glowing golden altar of the Shining One.
  1857 | D:3      | Noticed a gnoll sergeant
  1900 | D:3      | Reached XP level 5. HP: 31/31 MP: 8/8
  2558 | D:2      | Reached XP level 6. HP: 36/36 MP: 9/9
  2573 | D:2      | Reached skill level 5 in Maces & Flails
  2573 | D:2      | Reached skill level 1 in Throwing
  2585 | D:2      | Learned a level 3 spell: Teleport Other
  3026 | D:4      | Reached skill level 1 in Slings
  3118 | D:4      | Reached XP level 7. HP: 41/41 MP: 10/10
  3152 | D:4      | Found a sacrificial altar of Ru.
  3583 | D:4      | Found Pekhor's General Store.
  3598 | D:4      | Found a staircase to the Ecumenical Temple.
  3607 | Temple   | Entered the Ecumenical Temple
  4092 | D:5      | Entered Level 5 of the Dungeon
  4275 | D:4      | Reached skill level 6 in Maces & Flails
  4299 | D:5      | You fall into a shaft and drop 3 floors!
  4549 | D:7      | Found a blossoming altar of Fedhas.
  4615 | D:7      | Noticed Menkaure
  4615 | D:7      | Noticed Maggie
  4624 | D:8      | Reached XP level 8. HP: 43/46 MP: 11/11
  4718 | D:8      | Reached skill level 1 in Shields
  5060 | D:8      | Noticed a death yak
  5080 | D:7      | Found a hide-covered altar of Uskayaw.
  5122 | D:6      | Reached skill level 7 in Maces & Flails
  5354 | D:5      | Found an iron altar of Okawaru.
  5354 | D:5      | Found a shadowy altar of Dithmenos.
  5357 | D:5      | Found a broken altar of Ashenzari.
  5366 | D:5      | Became a worshipper of Warmaster Okawaru
  5452 | D:6      | Noticed Grinder
  5466 | D:6      | Reached skill level 1 in Evocations
  5480 | D:6      | Killed Grinder
  5480 | D:6      | Reached * piety under Okawaru
  5652 | D:5      | Found a basalt altar of Yredelemnul.
  5780 | D:6      | Found a shimmering blue altar of Sif Muna.
  5789 | D:6      | Found a white marble altar of Elyvilon.
  5798 | D:6      | Found a shimmering altar of Xom.
  5866 | D:6      | Reached XP level 9. HP: 44/51 MP: 12/12
  5907 | D:6      | Found a glowing silver altar of Zin.
  5968 | D:6      | Found an opulent altar of Gozag.
  6377 | D:5      | Reached skill level 8 in Maces & Flails
  7013 | D:7      | Killed Maggie
  7014 | D:7      | Reached skill level 9 in Maces & Flails
  7029 | D:7      | Reached ** piety under Okawaru
  7142 | D:7      | Killed Menkaure
  7555 | D:8      | Noticed a death yak
  7630 | D:8      | Found a staircase to the Lair.
  7630 | D:8      | Noticed a death yak
  7719 | D:7      | Killed a death yak
  7719 | D:7      | Reached *** piety under Okawaru
  7720 | D:7      | Reached skill level 5 in Throwing
  7720 | D:7      | Reached XP level 10. HP: 35/58 MP: 5/13
  7862 | D:8      | Killed a death yak
  7862 | D:8      | Received a gift from Okawaru
  7863 | D:8      | Reached skill level 10 in Maces & Flails
  7948 | D:8      | Killed a death yak
  7948 | D:8      | Reached **** piety under Okawaru
  8250 | D:8      | Found a shimmering blue altar of Sif Muna.
  8375 | D:9      | Learned a level 2 spell: Swiftness
  8577 | D:9      | Noticed a two-headed ogre
  8590 | D:9      | Killed a two-headed ogre
  8717 | D:9      | Found a hide-covered altar of Uskayaw.
  8894 | D:9      | Reached XP level 11. HP: 62/62 MP: 14/14
  8907 | D:9      | Reached ***** piety under Okawaru
  8908 | D:9      | Reached skill level 5 in Fighting
  9073 | D:8      | Received a gift from Okawaru
  9311 | D:10     | Entered Level 10 of the Dungeon
  9352 | D:10     | Reached skill level 11 in Maces & Flails
  9543 | D:10     | Killed an unseen horror
  9543 | D:10     | Received a gift from Okawaru
  9963 | D:11     | Found a flagged portal.
  9982 | Bailey   | Entered a bailey
 10249 | Bailey   | Reached skill level 5 in Dodging
 10518 | D:11     | Paralysed by a wight for 5 turns
 10533 | D:11     | Found a sacrificial altar of Ru.
 10600 | D:11     | Found a shimmering altar of Xom.
 10600 | D:11     | Found a shimmering altar of Xom.
 10612 | D:11     | Found a shimmering altar of Xom.
 10612 | D:11     | Found a shimmering altar of Xom.
 10626 | D:11     | Noticed Josephine
 11098 | D:11     | Reached skill level 5 in Shields
 11139 | D:11     | Noticed Erolcha
 11150 | D:11     | Killed Erolcha
 11309 | D:11     | Killed Josephine
 11309 | D:11     | Received a gift from Okawaru
 11310 | D:11     | Reached skill level 12 in Maces & Flails
 11310 | D:11     | Reached skill level 5 in Armour
 11310 | D:11     | Reached XP level 12. HP: 54/70 MP: 4/15
 11470 | D:11     | Found a staircase to the Orcish Mines.
 11720 | Lair:1   | Entered Level 1 of the Lair of Beasts
 11728 | Lair:1   | Found a basalt altar of Yredelemnul.
 11858 | Lair:1   | Noticed Erica
 12062 | Lair:1   | Killed Erica
 12201 | Lair:1   | Received a gift from Okawaru
 12224 | Lair:1   | Noticed a six-headed hydra
 12259 | Lair:1   | Killed a six-headed hydra
 12260 | Lair:1   | Reached skill level 1 in Invocations
 12324 | Lair:1   | Reached skill level 13 in Maces & Flails
 13204 | Lair:2   | Reached skill level 5 in Evocations
 13347 | Lair:2   | Reached XP level 13. HP: 69/76 MP: 13/16
 13814 | Lair:3   | Reached skill level 14 in Maces & Flails
 14115 | Lair:3   | Received a gift from Okawaru
 14260 | Lair:3   | Found a staircase to the Snake Pit.
 14633 | Lair:4   | Received a gift from Okawaru
 15019 | Lair:4   | Reached skill level 15 in Maces & Flails
 15192 | Lair:4   | Found a staircase to the Swamp.
 15691 | Lair:5   | Found a staircase to the Slime Pits.
 16101 | Lair:5   | Gained mutation: Your large and strong wings let you fly
                  | indefinitely. [Gargoyle growth]
 16101 | Lair:5   | Reached XP level 14. HP: 50/83 MP: 11/17
 16493 | Lair:6   | Entered Level 6 of the Lair of Beasts
 16530 | Lair:5   | Received a gift from Okawaru
 16642 | Lair:6   | Reached skill level 16 in Maces & Flails
 17054 | Lair:6   | Reached ****** piety under Okawaru
 17083 | Lair:6   | Received a gift from Okawaru
 17147 | Lair:6   | Received a gift from Okawaru
 17218 | Lair:6   | Got an ivory flail
 17219 | Lair:6   | Identified the cursed +0 flail of Qazlal {vorpal, rElec rN+
                  | Int+4} (You found it on level 6 of the Lair of Beasts)
 17326 | Lair:6   | Received a gift from Okawaru
 17402 | Lair:6   | Received a gift from Okawaru
 17647 | Lair:6   | Received a gift from Okawaru
 18181 | Orc:1    | Entered Level 1 of the Orcish Mines
 18190 | Orc:1    | Noticed Gastronok
 18211 | Orc:1    | Killed Gastronok
 18211 | Orc:1    | Received a gift from Okawaru
 18212 | Orc:1    | Got a masterwork scale mail {god gift}
 18298 | D:11     | Identified the +4 scale mail of Duty {*Corrode Str+6}
                  | (Okawaru gifted it to you on level 1 of the Orcish Mines)
 18452 | Orc:1    | Found Tuzxew's Antique Armour Emporium.
 18462 | Orc:1    | Reached XP level 15. HP: 90/90 MP: 18/18
 18959 | Orc:2    | Entered Level 2 of the Orcish Mines
 18980 | Orc:2    | Found a flickering gateway to a bazaar.
 18995 | Bazaar   | Entered a bazaar
 18995 | Bazaar   | Found Vyschur's Book Shop.
 18995 | Bazaar   | Found Waetar's Book Emporium.
 18995 | Bazaar   | Found Digiar's Magic Scroll Shop.
 18995 | Bazaar   | Found Ysinykoh's Magic Scroll Shoppe.
 18997 | Bazaar   | Found Fuczoq's Antique Weapon Boutique.
 19041 | Bazaar   | Bought a scroll of identify for 32 gold pieces
 19041 | Bazaar   | Bought a scroll of identify for 32 gold pieces
 19041 | Bazaar   | Bought a scroll of teleportation for 48 gold pieces
 19041 | Bazaar   | Bought a scroll of identify for 32 gold pieces
 19041 | Bazaar   | Bought a scroll of identify for 32 gold pieces
 19041 | Bazaar   | Bought a scroll of identify for 32 gold pieces
 19041 | Bazaar   | Bought a scroll of teleportation for 48 gold pieces
 19052 | Bazaar   | Bought a scroll of blinking for 105 gold pieces
 19052 | Bazaar   | Bought a scroll of enchant weapon for 105 gold pieces
 19052 | Bazaar   | Bought a scroll of identify for 28 gold pieces
 19052 | Bazaar   | Bought 3 scrolls of silence for 315 gold pieces
 19052 | Bazaar   | Bought a scroll of identify for 28 gold pieces
 19345 | Orc:2    | Noticed Sonja
 19370 | Orc:2    | Killed Sonja
 19434 | Orc:2    | Found a staircase to the Elven Halls.
 19906 | Orc:2    | Found Bania's Antique Armour Boutique.
 19906 | Orc:2    | Found Hasek's Antique Weapon Shoppe.
 19939 | Orc:2    | Found a roughly hewn altar of Beogh.
 20002 | Orc:2    | Reached skill level 17 in Maces & Flails
 20032 | Orc:2    | Found Purch's Distillery.
 20032 | Orc:2    | Found Qinupnie's Book Shoppe.
 20048 | Orc:2    | Bought a potion of invisibility for 88 gold pieces
 20048 | Orc:2    | Bought a potion of curing for 33 gold pieces
 20048 | Orc:2    | Bought 2 potions of mutation for 176 gold pieces
 20048 | Orc:2    | Bought a potion of mutation for 88 gold pieces
 20048 | Orc:2    | Bought a potion of curing for 33 gold pieces
 20080 | Orc:2    | Bought a crude morningstar for 324 gold pieces
 20080 | Orc:2    | Identified the +9 morningstar "Lig Fogate" {freeze, rElec
                  | rPois rF- Int+3} (You bought it in a shop on level 2 of the
                  | Orcish Mines)
 20093 | Orc:2    | Bought a smoking ring mail for 252 gold pieces
 20093 | Orc:2    | Bought a pair of runed boots for 210 gold pieces
 20093 | Orc:2    | Identified the +3 ring mail "Huogg" {Harm rElec Str+4
                  | Int-2} (You bought it in a shop on level 2 of the Orcish
                  | Mines)
 20259 | D:12     | Found a sparkling altar of Nemelex Xobeh.
 21060 | D:13     | Found a gate leading to a gauntlet.
 21073 | D:13     | Reached skill level 10 in Fighting
 21076 | Gauntlet | Entered a Gauntlet
 21076 | Gauntlet | Found a transporter.
 21076 | Gauntlet | Found a transporter.
 21141 | Gauntlet | Found a transporter.
 21156 | Gauntlet | Found a transporter.
 21172 | Gauntlet | Found a transporter.
 21185 | Gauntlet | Found a transporter.
 21202 | Gauntlet | Found a transporter.
 21268 | Gauntlet | Found a transporter.
 21283 | Gauntlet | Found a transporter.
 21297 | Gauntlet | Found a transporter.
 21310 | Gauntlet | Found a transporter.
 21395 | Gauntlet | Found a transporter.
 21405 | Gauntlet | Found a transporter.
 21413 | Gauntlet | Found a transporter.
 21415 | Gauntlet | Found a transporter.
 21449 | Gauntlet | Found a transporter.
 21528 | Gauntlet | Received a gift from Okawaru
 21529 | Gauntlet | Got a bloodstained cloak {god gift}
 21546 | Gauntlet | Identified the +0 cloak of the Wheelwright {Int+3} (Okawaru
                  | gifted it to you in a Gauntlet)
 21579 | Gauntlet | Got a pair of encrusted gloves
 21586 | Gauntlet | Identified the +2 pair of gloves "Fono" {Int+3 Dex+2
                  | Slay+4} (You found it in a Gauntlet)
 21650 | Gauntlet | Identified the cursed +2 flail "Rosoacaq" {vorpal, Dex+5}
 21650 | Gauntlet | Identified the cursed +0 shortbow "Ygug" {vorpal, Dex+4}
 21677 | Gauntlet | Identified the Tome of Stolen Souls and Bewitchment
 22331 | D:14     | You are sucked into a shaft and drop 1 floor!
 22331 | D:15     | Entered Level 15 of the Dungeon
 22780 | D:14     | Reached skill level 10 in Throwing
 22786 | D:14     | Reached XP level 16. HP: 99/99 MP: 19/19
 22846 | D:14     | Received a gift from Okawaru
 22860 | D:14     | Found a gate to the Vaults.
 23537 | D:15     | Found a staircase to the Depths.
 23829 | D:15     | Identified the cursed +3 long sword of the Yoke {vorpal,
                  | +Inv SInv} (You found it on level 15 of the Dungeon)
 24297 | Swamp:1  | Entered Level 1 of the Swamp
 24308 | Swamp:1  | Reached skill level 18 in Maces & Flails
 24626 | Swamp:1  | Received a gift from Okawaru
 26460 | Swamp:2  | Reached XP level 17. HP: 33/106 MP: 7/20
 27104 | Swamp:3  | Found the -2 hat of the Alchemist {rElec rPois rF+ rC+ rN+
                  | Will+ rMut rCorr}
 27187 | Swamp:4  | Entered Level 4 of the Swamp
 27257 | Swamp:3  | Received a gift from Okawaru
 27297 | Swamp:4  | Reached skill level 10 in Shields
 27692 | Swamp:4  | Received a gift from Okawaru
 27791 | Swamp:4  | Learned a level 2 spell: Searing Ray
 27827 | Swamp:4  | Received a gift from Okawaru
 28105 | Swamp:4  | Got a decaying rune of Zot
 28892 | Snake:1  | Entered Level 1 of the Snake Pit
 29422 | Snake:1  | Reached skill level 1 in Conjurations
 29724 | Snake:1  | Received a gift from Okawaru
 29875 | Snake:1  | Reached skill level 1 in Air Magic
 29970 | Snake:1  | Found Toffuj's Weapon Boutique.
 30130 | Snake:1  | Received a gift from Okawaru
 30444 | Snake:2  | Received a gift from Okawaru
 30545 | Snake:2  | Reached XP level 18. HP: 112/116 MP: 15/23
 30571 | Snake:2  | Received a gift from Okawaru
 30660 | Snake:2  | Received a gift from Okawaru
 31235 | Snake:2  | Found a runed translucent door.
 31423 | Snake:3  | Reached skill level 5 in Invocations
 31448 | Snake:3  | Received a gift from Okawaru
 32061 | Snake:3  | Reached skill level 15 in Fighting
 32457 | Snake:4  | Entered Level 4 of the Snake Pit
 32658 | Snake:4  | Found a frozen archway.
 32672 | Snake:4  | Mangled by an azure jelly

Illustrated notes

Levels and vault maps discovered:
D:1:      tarquinn_simple_flora_water_c, layout_loops_ring
D:2:      layout_rooms, gammafunk_temple_overflow_statue,
          chequers_ecumenical_altar_simple_redux
D:3:      layout_rooms
D:4:      layout_cave_pools, nicolae_ru_awakened_eye, minmay_temple_entry_glass,
          serial_shops, kennysheep_mini_moat
D:5:      layout_loops_ring, nicolae_overflow_hidden_temple, basic_altar
D:6:      layout_rooms, lemuel_coloured_pillars_altar,
          overflow_temple_1_default, minmay_overflow_temple_star_quad,
          kennysheep_potato, uniq_grinder
D:7:      layout_cave_pools, overflow_temple_1_default,
          eat_drink_and_be_merry_uskayaw, serial_bayou_crossing, uniq_menkaure,
          uniq_maggie
D:8:      layout_cave_pods, dpeg_lair_monsters, led_sif_pool
D:9:      layout_basic, basic_altar
D:10:     layout_gridville, corexii_leaking_fountain
D:11:     layout_cave_pools, erik_orc_1, enter_bailey_3, basic_altar,
          xom_redecorated, uniq_erolcha, uniq_josephine
D:12:     layout_loops_ring, basic_altar, hex_medium
D:13:     layout_rooms, gauntlet_entry_generic, onia_ninara_dug_in_and_dangerous
D:14:     layout_loops_cross, david_vaults_5
D:15:     grunt_enter_depths_hoard, layout_irregular_city,
          roderic_cross_of_infinity
Temple:   jpeg_temple_island
Lair:1:   beast_lair_carwin_large_2, layout_misc_corridors, basic_altar,
          grunt_megastairs_5, infiniplex_staircase_pool, lemuel_fruit_fields,
          serial_bayou_shore_a, lemuel_fruit_fields, uniq_erica
Lair:2:   layout_layer_cave, st_stairs_7, infiniplex_staircase_pool_2
Lair:3:   layout_small_grid, minmay_snake_entry_six_corridors, st_stairs_4,
          chequers_serial_rivers_micro_c, lemuel_fruit_fields
Lair:4:   layout_cave_shapes, minmay_swamp_entry_worms, grunt_megastairs_4
Lair:5:   cheibrodos_lair_overgrown_chateau, layout_regular_city,
          nicolae_slime_entry_slimehenge, lookout_lair_type,
          chequers_serial_rivers_small_a
Lair:6:   grunt_lair_end_beastmaster, layout_small_grid,
          minmay_stone_trees_small, grunt_forest_large_clearings,
          serial_bayou_shore_b
Swamp:1:  layout_basic_swamp, wheals_swamp_sinkhole, swamp_pool2
Swamp:2:  layout_basic_swamp, evilmike_swamp_ruin_rubble_2, swamp_pool1
Swamp:3:  layout_basic_swamp, serial_swamp_ruin, evilmike_swamp_ruin_rubble_1,
          evilmike_swamp_ruin_house_1, swamp_pool4
Swamp:4:  swamp_alternative, layout_basic_swamp
Snake:1:  layout_basic, serial_shops, nicolae_shop_crystal
Snake:2:  cheibrodos_toxic_ritual, layout_honeycomb, serial_bayou_pond_d
Snake:3:  layout_chambers, serial_bayou_shore_b
Snake:4:  grunt_snake_rune_serpentine_throne, layout_rooms,
          portal_ice_cave_entry_frozen_things
Orc:1:    nicolae_orc_accident_1, layout_caves, serial_shops, shop_statue,
          uniq_gastronok
Orc:2:    st_orc_town, layout_diamond_mine, serial_shops, bzr_entry_safe,
          uniq_sonja

Skill      XL: |  1  2  3  4  5  6  7  8  9 10 11 12 13 14 15 16 17 18 |
---------------+-------------------------------------------------------+-----
Maces & Flails | 3 4 5 6 7 9 10 12 13 15 16 17 18 | 18.9
Armour         | 2 3 4 5 6 7 8 9 |  9.5
Dodging        | 2 3 4 5 6 7 8 9 |  9.0
Throwing       | 1 2 3 5 6 7 8 9 10 11 | 11.7
Slings         | 1 |  1.0
Fighting       | 3 4 6 7 9 10 12 14 15 | 15.3
Shields        | 1 3 5 6 8 9 10 11 | 11.1
Translocations | 3 |  3.2
Evocations     | 1 3 4 5 6 |  6.4
Invocations    | 1 2 3 4 5 |  5.1
Conjurations   | 1 |  1.5
Spellcasting   | 3 |  3.5
Air Magic      | 1 |  1.1

Action                   |  1- 3 |  4- 6 |  7- 9 | 10-12 | 13-15 | 16-18 || total
-------------------------+-------+-------+-------+-------+-------+-------++-------
Melee: Mace              |   116 |    71 |       |       |       |       ||   187
       Whip              |       |   175 |   304 |   563 |       |       ||  1042
       Morningstar       |       |       |       |   338 |  1724 |   967 ||  3029
 Fire: Hunting sling     |    10 |    17 |       |       |       |       ||    27
Throw: Boomerang         |     2 |       |       |    12 |    24 |   143 ||   181
       Dart              |       |    25 |   105 |   119 |   262 |    55 ||   566
       Throwing net      |       |       |       |     9 |       |       ||     9
 Cast: Blink             |       |       |     2 |     1 |     2 |     2 ||     7
       Searing Ray       |       |       |       |       |       |    25 ||    25
       Swiftness         |       |       |       |       |       |     4 ||     4
Invok: Heroism           |       |       |       |     8 |    14 |     8 ||    30
       Finesse           |       |       |       |     3 |    11 |     7 ||    21
 Abil: Fly               |       |       |       |       |     1 |       ||     1
Evoke: Wand              |       |       |    47 |    44 |    39 |    23 ||   153
       Tin of tremorston |       |       |       |     2 |     6 |     6 ||    14
       Box of beasts     |       |       |       |       |     4 |     3 ||     7
       Condenser vane    |       |       |       |       |     2 |     3 ||     5
  Use: Scroll            |       |     7 |    10 |     8 |    19 |    12 ||    56
       Potion            |       |       |     2 |       |     5 |     4 ||    11
 Stab: Invisible         |       |       |       |     1 |     1 |     1 ||     3
       Paralysed         |       |       |       |     5 |     4 |       ||     9
       Confused          |       |       |       |     1 |       |       ||     1
Armor: Leather armour    |    68 |   126 |    73 |   115 |       |       ||   382
       Skin              |       |       |     6 |       |       |       ||     6
       Acid dragon scale |       |       |       |    73 |   342 |       ||   415
       Scale mail        |       |       |       |       |   156 |   331 ||   487
Dodge: Dodged            |    82 |   170 |   165 |   497 |  1018 |   595 ||  2527
       Repelled          |       |       |       |     2 |    15 |    28 ||    45
Block: Buckler           |       |     7 |    63 |   224 |   504 |   296 ||  1094
